 Dungeon Sprint DCSS version 0.28-a0-991-g956f0ee3d5 (webtiles) character file.

Game seed: 15938777817334099193

62432 mhtbhm the Draconian Porcupine (level 14, -16/252 HPs)
             Began as a Yellow Draconian Berserker on Dec 4, 2021.
             Was the Champion of Trog.
             Killed from afar by Gloorx Vloq (36 damage)
             ... with a poison arrow
             ... in the Dungeon (Sprint IX: "|||||||||||||||||||||||||||||").
             The game lasted 00:11:14 (6202 turns).

mhtbhm the Draconian Porcupine (DrBe)               Turns: 6202, Time: 00:11:15

Health: -16/252    AC: 10    Str: 25    XL:     14   Next: 64%
Magic:  14/14      EV: 23    Int:  8    God:    Trog [******]
Gold:   1847       SH:  0    Dex: 18    Spells: 13/13 levels left

rFire   + . .      SeeInvis .   a - +6 glaive of Erruyxkiuc {flame, *Rage Will+ rCorr Dex+2}
rCold   + . .      Faith    .   (shield currently unavailable)
rNeg    . . .      Spirit   .   (armour unavailable)
rPois   .          Reflect  .   (helmet restricted)
rElec   .          Harm     .   w - scarf {rC+ rF+}
rCorr   +          Rampage  .   x - +0 pair of gloves
Will    ++...      Rage     20% i - +0 pair of boots
Stlth   .......... NoTele   +   u - amulet of magic regeneration
HPRegen 0.52/turn               j - +3 ring of dexterity
MPRegen 0.54/turn               k - +3 ring of dexterity

@: berserking, lethally poisoned (-16 -> -41), very quick
A: spit acid, AC +8, unfitting armour, acidic bite, cold-blooded, acid
resistance
a: Breathe Acid, Renounce Religion, Berserk, Trog's Hand, Brothers in Arms


You were in the Dungeon.
You worshipped Trog.
Trog was exalted by your worship.
You visited 1 branch You collected 1909 gold pieces.
You spent 62 gold pieces at shops.

Inventory:

Hand Weapons
 a - the +6 glaive of Erruyxkiuc (weapon) {flame, *Rage Will+ rCorr Dex+2}
   (Trog gifted it to you in the Dungeon)

   It burns those it strikes, dealing additional fire damage.
   Big, fiery blades are also staple armaments of hydra-hunters.
   Dex:       It affects your dexterity (+2).
   *Rage:     It berserks you when you make melee attacks (+20% chance).
   rCorr:     It protects you from acid and corrosion.
   Will:      It increases your willpower.
 A - a +2 vorpal demon trident
 E - the +7 fustibalus of the Shimmering Oracle {venom, rF+}
   (You found it in the Dungeon)

   Any ammunition fired from it poisons the flesh of those it strikes.
   rF:        It protects you from fire.
Missiles
 s - 13 poisoned darts (quivered)
 y - 4 throwing nets
Armour
 i - a +0 pair of boots (worn)
 w - a scarf of resistance (worn)
 x - a +0 pair of gloves (worn)
 F - a +1 tower shield
Jewellery
 j - a +3 ring of dexterity (left hand)
 k - a +3 ring of dexterity (right hand)
 u - an amulet of magic regeneration (around neck)
 z - a ring of fire
 B - a ring of see invisible
 C - a ring of fire
 D - a ring of protection from fire
Wands
 h - a wand of iceblast (8)
Scrolls
 n - a scroll of holy word
 o - 4 scrolls of enchant weapon
 p - 2 scrolls of fear
 q - a scroll of identify
 r - 4 scrolls of enchant armour
Potions
 b - 5 potions of curing
 c - a potion of heal wounds
 d - 2 potions of haste
 e - 5 potions of magic
 f - a potion of invisibility
 l - 2 potions of berserk rage
 m - 2 potions of mutation
 t - a potion of cancellation
 v - a potion of attraction


   Skills:
 O Level 27 Fighting
 O Level 27 Polearms
 + Level 4.8 Throwing
 + Level 17.2 Dodging
 - Level 3.5 Stealth
 + Level 2.3 Evocations


You had 13 spell levels left.
You didn't know any spells.
Your spell library was empty.

Dungeon Overview and Level Annotations

Branches:
Dungeon (1/1)

Altars:
Cheibriados
Dithmenos
Elyvilon
Fedhas
Gozag
Hepliaklqana
Kikubaaqudgha
Makhleb
Nemelex Xobeh
Okawaru
Qazlal
Ru
Sif Muna
Trog
Uskayaw
Vehumet
Wu Jian
Xom
Yredelemnul
Zin
The Shining One
Beogh
Jiyva
Lugonu

Shops:
D ([((

Annotations:
D Gloorx Vloq


Innate Abilities, Weirdness & Mutations

You can spit globs of acid.
Your golden yellow scales are hard. (AC +8)
You cannot fit into any form of body armour.
You have acidic saliva.
You are cold-blooded and may be slowed by cold attacks.
You are resistant to acid. (rCorr)


Message History

You bite the ironbound convoker, but do no damage.
The ironbound convoker is almost dead.
You slice the ironbound convoker!! You burn the ironbound convoker.
You kill the ironbound convoker!
Trog accepts your kill.
Trog appreciates your killing of a magic user.
Gloorx Vloq gestures.
A red film seems to cover your vision as you go berserk!
You feel yourself moving faster!
You feel mighty!
You barely miss Gloorx Vloq. You tail-slap Gloorx Vloq. You bite Gloorx Vloq.
Gloorx Vloq is splashed with acid.
The acid corrodes Gloorx Vloq!
Gloorx Vloq is lightly wounded.
Gloorx Vloq calls on the powers of darkness!
Your body is wracked with pain!
* * * LOW HITPOINT WARNING * * *
Unknown command.
You slash Gloorx Vloq! You burn Gloorx Vloq.
Gloorx Vloq is lightly wounded.
Gloorx Vloq calls on the powers of darkness!
Your body is wracked with pain!
* * * LOW HITPOINT WARNING * * *
You slice Gloorx Vloq!! You burn Gloorx Vloq! You tail-slap Gloorx Vloq!
You bite Gloorx Vloq.
Gloorx Vloq is splashed with acid!
Gloorx Vloq is moderately wounded.
Gloorx Vloq completely misses you.
Unknown command.
You cut Gloorx Vloq into ribbons!!! You burn Gloorx Vloq!!
Gloorx Vloq is heavily wounded.
Gloorx Vloq closely misses you.
You slice Gloorx Vloq!! You burn Gloorx Vloq! You bite Gloorx Vloq!
Gloorx Vloq is splashed with acid.
Gloorx Vloq is severely wounded.
Gloorx Vloq gestures.
The Executioner gestures.
The Executioner seems to speed up.
You carve Gloorx Vloq like a ham!!! You burn Gloorx Vloq!
Gloorx Vloq is almost dead.
Gloorx Vloq gestures at you. The poison arrow hits you!!!
You are lethally poisoned!
You die...

.▓.▓.▓)▓.▓.▓.▓.▓.▓)▓
.▓.▓.▓.▓.▓.▓.▓.▓.▓)▓
.▓.▓.▓.▓.▓.▓.▓)▓.▓)▓
.▓.▓.▓.▓.▓.▓.▓)▓.▓)▓
.▓.▓.▓.▓.▓)▓.▓)▓.▓'▓
.▓.▓.▓.▓.▓!▓.▓'▓.▓.▓
.▓.▓.▓)▓.▓.▓.▓.▓.▓.▓
.▓.▓.▓)▓.▓!▓.▓)▓1▓.▓
.▓.▓.▓.▓.▓.▓.▓.▓@▓.▓
.▓†▓.▓)▓.▓[▓.▓.▓&▓.▓
.▓.▓.▓)▓.▓.▓.▓.▓1▓.▓
.▓)▓.▓)▓.▓[▓.▓)▓.▓.▓
.▓.▓.▓)▓.▓[▓.▓.▓.▓.▓
.▓.▓.▓'▓.▓[▓.▓)▓.▓.▓
.▓.▓.▓)▓.▓[▓.▓.▓.▓.▓
.▓.▓.▓.▓.▓[▓.▓)▓.▓)▓
.▓.▓.▓.▓.▓[▓.▓.▓.▓)▓


You could see Gloorx Vloq (corroded) and 2 Executioners.

Vanquished Creatures
  A golden dragon (D)
  Rupert (D)
  A lich (D)
  2 sphinxes (D)
  Frances (D)
  An emperor scorpion (D)
  A vault warden (D)
  3 ironbound preservers (D)
  2 stone giants (D)
  Nessos (D)
  A spark wasp (D)
  A bunyip (D)
  Snorg (D)
  An ettin (D)
  A merfolk impaler (D)
  Josephine (D)
  An ironbound thunderhulk (D)
  A fire dragon (D)
  An ice dragon (D)
  Harold (D)
  A rakshasa (D)
  2 great orbs of eyes (D)
  A naga warrior (D)
  A centaur warrior (D)
  A spriggan air mage (D)
  A catoblepas (D)
  4 hydras (D)
  4 death yaks (D)
  A merfolk avatar (D)
  2 alligators (D)
  A tengu warrior (D)
  A vampire mage (D)
  2 deep troll earth magi (D)
  3 orc high priests (D)
  A spriggan berserker (D)
  A hell knight (D)
  A lindwurm (D)
  A wizard (D)
  2 ironbound convokers (D)
  A harpy (D)
  2 orc knights (D)
  A necromancer (D)
  An ugly thing (D)
  A cyclops (D)
  2 will-o-the-wisps (D)
  A merfolk siren (D)
  2 manticores (D)
  A naga mage (D)
  An elephant (D)
  A torpor snail (D)
  2 water nymphs (D)
  3 vault sentinels (D)
  2 black mambas (D)
  2 cane toads (D)
  A demonic crawler (D)
  A komodo dragon (D)
  A kobold demonologist (D)
  A freezing wraith (D)
  A rime drake (D)
  A yaktaur (D)
  4 trolls (D)
  A meliai (D)
  2 merfolk (D)
  A jumping spider (D)
  A bloated husk (D)
  A wind drake (D)
  2 hornets (D)
  A tyrant leech (D)
  3 slime creatures (D)
  A snapping turtle (D)
  2 redbacks (D)
  A shadow (D)
  3 tarantellas (D)
  4 wraiths (D)
  4 yaks (D)
  3 acid dragons (D)
  3 water moccasins (D)
  8 orc warriors (D)
  An ogre (D)
  A wolf (D)
  A centaur (D)
  5 bullfrogs (D)
  A hound (D)
  12 orc priests (D)
  An iguana (D)
  4 orc wizards (D)
  An adder (D)
  An adder zombie (D)
  9 orcs (D)
  2 endoplasms (D)
  A goblin (D)
  A kobold (D)
  A bat (D)
171 creatures vanquished.

Vanquished Creatures (collateral kills)
  A tentacled monstrosity (D)
  A fire giant (D)
  A stone giant (D)
  A very ugly thing (D)
  2 great orbs of eyes (D)
  A naga warrior (D)
  An ice dragon (D)
  A vampire mage (D)
  2 naga ritualists (D)
  2 black mambas (D)
  A naga mage (D)
14 creatures vanquished.

Vanquished Creatures (others)
  A swamp drake (D)
  2 foxfires (D)
3 creatures vanquished.

Grand Total: 188 creatures vanquished

Notes
Turn   | Place    | Note
-------+----------+-------------------------------------------
     0 | D        | mhtbhm the Draconian Berserker began the quest for the Orb.
     0 | D        | Reached XP level 1. HP: 19/19 MP: 1/1
    11 | D        | Reached ** piety under Trog
    41 | D        | Noticed an ogre
    41 | D        | Noticed a hound
    41 | D        | Noticed an iguana
    52 | D        | Killed an iguana
    53 | D        | Reached skill level 5 in Fighting
    53 | D        | Reached XP level 2. HP: 29/29 MP: 2/2
    53 | D        | Reached XP level 3. HP: 36/36 MP: 3/3
    55 | D        | Reached *** piety under Trog
    62 | D        | Reached skill level 5 in Polearms
    62 | D        | Reached XP level 4. HP: 44/44 MP: 4/4
    76 | D        | Killed an ogre
    77 | D        | Reached skill level 5 in Dodging
    77 | D        | Reached XP level 5. HP: 31/52 MP: 5/5
    88 | D        | Found a snail-covered altar of Cheibriados.
    88 | D        | Found a shadowy altar of Dithmenos.
    88 | D        | Found a white marble altar of Elyvilon.
    88 | D        | Found a blossoming altar of Fedhas.
    88 | D        | Found an opulent altar of Gozag.
    89 | D        | Found a hazy altar of Hepliaklqana.
    90 | D        | Found a viscous altar of Jiyva.
    91 | D        | Found an ancient bone altar of Kikubaaqudgha.
    92 | D        | Found a corrupted altar of Lugonu.
    93 | D        | Found a burning altar of Makhleb.
    94 | D        | Found a sparkling altar of Nemelex Xobeh.
    95 | D        | Found an iron altar of Okawaru.
    96 | D        | Found a stormy altar of Qazlal.
   191 | D        | Found a sacrificial altar of Ru.
   192 | D        | Found a shimmering blue altar of Sif Muna.
   193 | D        | Found a bloodstained altar of Trog.
   194 | D        | Found a hide-covered altar of Uskayaw.
   195 | D        | Found a radiant altar of Vehumet.
   196 | D        | Found an ornate altar of the Wu Jian Council.
   197 | D        | Found a shimmering altar of Xom.
   198 | D        | Found a basalt altar of Yredelemnul.
   199 | D        | Found a glowing silver altar of Zin.
   200 | D        | Found a glowing golden altar of the Shining One.
   239 | D        | Noticed an acid dragon
   239 | D        | Noticed a troll
   239 | D        | Noticed a shadow
   239 | D        | Noticed a centaur
   239 | D        | Noticed a troll
   239 | D        | Noticed a hornet
   245 | D        | Killed a hornet
   245 | D        | Reached **** piety under Trog
   246 | D        | Reached XP level 6. HP: 61/64 MP: 6/6
   249 | D        | Killed a troll
   250 | D        | Reached skill level 10 in Fighting
   250 | D        | Reached skill level 1 in Stealth
   250 | D        | Your scales start taking on a golden yellow colour.
   250 | D        | Reached XP level 7. HP: 44/73 MP: 7/7
   250 | D        | Gained mutation: You are resistant to acid. (rCorr) [Yellow
                  | Draconian growth]
   253 | D        | Reached skill level 10 in Polearms
   254 | D        | Killed a shadow
   266 | D        | Killed a troll
   267 | D        | Reached XP level 8. HP: 31/82 MP: 8/8
   269 | D        | Reached ***** piety under Trog
   502 | D        | Noticed a manticore
   502 | D        | Noticed a troll
   502 | D        | Noticed a troll
   502 | D        | Noticed a kobold demonologist
   514 | D        | Killed a kobold demonologist
   519 | D        | Reached skill level 10 in Dodging
   521 | D        | Killed a troll
   523 | D        | Killed a troll
   523 | D        | Received a gift from Trog
   524 | D        | Reached XP level 9. HP: 92/92 MP: 9/9
   526 | D        | Killed a manticore
   770 | D        | Noticed a seven-headed hydra
   770 | D        | Noticed a komodo dragon
   770 | D        | Noticed a cane toad
   770 | D        | Noticed a cane toad
   778 | D        | Killed a cane toad
   780 | D        | Killed a cane toad
   789 | D        | Killed a komodo dragon
   790 | D        | Reached skill level 15 in Polearms
   860 | D        | Killed a ten-headed hydra
   861 | D        | Reached XP level 10. HP: 103/103 MP: 10/10
   866 | D        | Received a gift from Trog
   910 | D        | Noticed an eight-headed hydra
   915 | D        | Noticed a torpor snail
   918 | D        | Killed a 14-headed hydra
   919 | D        | Reached skill level 1 in Evocations
   921 | D        | Noticed an elephant
   932 | D        | Reached ****** piety under Trog
   933 | D        | Reached skill level 15 in Fighting
   936 | D        | Killed a torpor snail
   941 | D        | Killed an elephant
   941 | D        | Received a gift from Trog
  1165 | D        | Noticed a catoblepas
  1165 | D        | Noticed a death yak
  1165 | D        | Noticed a death yak
  1173 | D        | Noticed a death yak
  1175 | D        | Noticed a death yak
  1180 | D        | Killed a death yak
  1492 | D        | Killed a death yak
  1494 | D        | Killed a catoblepas
  1495 | D        | Reached XP level 11. HP: 114/114 MP: 11/11
  1499 | D        | Killed a death yak
  1504 | D        | Killed a death yak
  1504 | D        | Identified the +6 glaive of Erruyxkiuc {flame, *Rage Will+
                  | rCorr Dex+2} (Trog gifted it to you in the Dungeon)
  1504 | D        | Received a gift from Trog
  1710 | D        | Noticed Harold
  1724 | D        | Killed Harold
  1837 | D        | Noticed Josephine
  1851 | D        | Killed Josephine
  1851 | D        | Received a gift from Trog
  1992 | D        | Received a gift from Trog
  2159 | D        | Noticed an orc knight
  2161 | D        | Received a gift from Trog
  2172 | D        | Noticed an orc knight
  2175 | D        | Killed an orc knight
  2185 | D        | Killed an orc knight
  2190 | D        | Received a gift from Trog
  2365 | D        | Found Hovuch's Weapon Boutique.
  2367 | D        | Noticed an orc high priest
  2374 | D        | Found Yjes's Antique Weapon Shop.
  2382 | D        | Killed an orc high priest
  2382 | D        | Received a gift from Trog
  2432 | D        | Found Haivum's Antique Armour Boutique.
  2436 | D        | Found Kuel's Weapon Shop.
  2439 | D        | Noticed an orc high priest
  2440 | D        | Noticed an orc high priest
  2444 | D        | Noticed a soul eater
  2448 | D        | Killed an orc high priest
  2452 | D        | Killed an orc high priest
  2571 | D        | Bought 13 poisoned darts for 62 gold pieces
  2712 | D        | Got the +7 fustibalus of the Shimmering Oracle {venom, rF+}
  2778 | D        | Noticed a four-headed hydra
  2778 | D        | Noticed a centaur warrior
  2778 | D        | Noticed a green ugly thing
  2782 | D        | Killed a green ugly thing
  2782 | D        | Identified the +9 halberd of Trog's Indignation {vorpal,
                  | Drain Fly SInv} (Trog gifted it to you in the Dungeon)
  2782 | D        | Received a gift from Trog
  2786 | D        | Reached XP level 12. HP: 128/128 MP: 12/12
  2837 | D        | Noticed a sphinx
  2840 | D        | Killed a centaur warrior
  2847 | D        | Killed a one-headed hydra
  2853 | D        | Noticed a fire giant
  2855 | D        | Killed a sphinx
  2857 | D        | Noticed a stone giant
  2858 | D        | Noticed a great orb of eyes
  2859 | D        | Noticed a great orb of eyes
  2861 | D        | Noticed a vampire mage
  2862 | D        | Noticed an ice dragon
  2864 | D        | Noticed a jiangshi
  2870 | D        | Killed a fire giant
  2870 | D        | Received a gift from Trog
  2872 | D        | Killed a stone giant
  2874 | D        | Killed a great orb of eyes
  2876 | D        | Killed a great orb of eyes
  2880 | D        | Killed a vampire mage
  2882 | D        | Killed an ice dragon
  3278 | D        | Noticed an emperor scorpion
  3279 | D        | Received a gift from Trog
  3294 | D        | Killed an emperor scorpion
  3307 | D        | Received a gift from Trog
  3464 | D        | Noticed a merfolk impaler
  3470 | D        | Noticed a merfolk avatar
  3473 | D        | Received a gift from Trog
  3479 | D        | Killed a merfolk impaler
  3480 | D        | Reached XP level 13. HP: 143/143 MP: 13/13
  3640 | D        | Received a gift from Trog
  3992 | D        | Noticed a bunyip
  4003 | D        | Killed a bunyip
  4008 | D        | Received a gift from Trog
  4366 | D        | Noticed Snorg
  4374 | D        | Killed Snorg
  4434 | D        | Noticed Rupert
  4488 | D        | Killed Rupert
  4488 | D        | Received a gift from Trog
  4489 | D        | Reached skill level 15 in Dodging
  4822 | D        | Noticed Frances
  4823 | D        | Noticed Nessos
  4831 | D        | Killed Frances
  4835 | D        | Killed Nessos
  4836 | D        | Reached skill level 1 in Throwing
  4937 | D        | Noticed a spark wasp
  4938 | D        | Killed a spark wasp
  4944 | D        | Noticed a stone giant
  4948 | D        | Noticed a stone giant
  4953 | D        | Received a gift from Trog
  4956 | D        | Noticed a golden dragon
  4960 | D        | Killed a stone giant
  4970 | D        | Noticed a fire dragon
  4971 | D        | Killed a stone giant
  4977 | D        | Killed a golden dragon
  4978 | D        | Gained mutation: You have acidic saliva. [Yellow Draconian
                  | growth]
  4978 | D        | Reached XP level 14. HP: 148/160 MP: 14/14
  4978 | D        | Noticed a purple very ugly thing
  4983 | D        | Killed a purple very ugly thing
  5239 | D        | Noticed a lich
  5246 | D        | Killed a lich
  5246 | D        | Received a gift from Trog
  5310 | D        | Received a gift from Trog
  5740 | D        | Noticed an ironbound preserver
  5751 | D        | Noticed an ironbound preserver
  5752 | D        | Killed an ironbound preserver
  5752 | D        | Received a gift from Trog
  5755 | D        | Noticed a vault warden
  5765 | D        | Killed an ironbound preserver
  5766 | D        | Reached skill level 27 in Polearms
  5773 | D        | Killed a vault warden
  5773 | D        | Noticed an ironbound preserver
  5778 | D        | Received a gift from Trog
  5783 | D        | Killed an ironbound preserver
  5790 | D        | Received a gift from Trog
  5797 | D        | Noticed a tentacled monstrosity
  5797 | D        | Noticed a sphinx
  5798 | D        | Noticed Gloorx Vloq
  5804 | D        | Killed a tentacled monstrosity
  5935 | D        | Received a gift from Trog
  5936 | D        | Reached skill level 27 in Fighting
  6158 | D        | Killed a sphinx
  6197 | D        | Noticed an Executioner
  6202 | D        | Noticed an Executioner
  6202 | D        | Killed from afar by Gloorx Vloq

Illustrated notes

Levels and vault maps discovered:
D:        linesprint [early_d, line_temple, items_1, d_10, items_2, lair_1,
          lair_end, items_3, orc_1, orc_end, items_4, d_15, swamp_1, shoals_1,
          snake_1, spider_1, d_20, vaults_1, items_5, swamp_end, shoals_end,
          snake_end, spider_end, vaults_end, d_27, items_6, zot_1, zot_end,
          crypt_end, forest_end, elf_end, slime_end, tomb_end, abyss_end,
          pan_hell_end]

Skill      XL: |  1  2  3  4  5  6  7  8  9 10 11 12 13 14 |
---------------+-------------------------------------------+-----
Dodging        | 4 5 7 8 9 10 11 12 13 14 15 17 | 17.2
Fighting       | 5 6 7 9 10 11 12 14 16 18 21 24 27 | 27.0
Polearms       | 4 5 6 8 9 11 13 15 18 21 23 26 27 | 27.0
Stealth        | 1 2 3 |  3.5
Evocations     | 1 2 |  2.3
Throwing       | 2 4 |  4.8

Action                   |  1- 3 |  4- 6 |  7- 9 | 10-12 | 13-15 || total
-------------------------+-------+-------+-------+-------+-------++-------
Melee: Spear             |    30 |     9 |       |       |       ||    39
       Tailslap          |     3 |     3 |    12 |    43 |    26 ||    87
       Halberd           |       |     9 |    51 |    43 |       ||   103
       Glaive            |       |       |       |   202 |   220 ||   422
       Bite              |       |       |       |       |    14 ||    14
Throw: Dart              |       |       |       |       |     3 ||     3
       Throwing net      |       |       |       |       |     1 ||     1
Invok: Berserk           |       |     1 |     3 |     7 |     7 ||    18
       Trog's Hand       |       |       |     1 |       |     1 ||     2
       Brothers in Arms  |       |       |       |     1 |     4 ||     5
 Abil: Breathe Acid      |       |       |     1 |       |     2 ||     3
Evoke: Wand              |       |       |     2 |       |       ||     2
  Use: Potion            |     1 |       |     1 |     1 |     4 ||     7
       Scroll            |       |       |     1 |     2 |     1 ||     4
 Stab: Sleeping          |       |       |       |     2 |     1 ||     3
       Confused          |       |       |       |       |     2 ||     2
       Distracted        |       |       |       |       |     1 ||     1
Armor: Skin              |     3 |       |    11 |    33 |    17 ||    64
Dodge: Dodged            |    11 |    15 |    34 |    94 |    67 ||   221

Table legend: (Time is in decaauts)
 A = Elapsed time spent in this place.
 B = Non-inter-level travel time spent in this place.
 C = Inter-level travel time spent in this place.
 D = Time resting spent in this place.
 E = Time spent auto-exploring this place.
 F = Levels seen in this place.
 G = Mean time per level.
                   A        B        C        D        E       F      G
               +--------+--------+--------+--------+--------+-----+--------+
         Total |   6291 |   6181 |    110 |   4034 |    482 |   1 | 6291.0 |
       Dungeon |   6291 |   6181 |    110 |   4034 |    482 |   1 | 6291.0 |
               +--------+--------+--------+--------+--------+-----+--------+

Top non-repeatable levels by time:
       D: 6291 daAuts
